 Dungeon Crawl Stone Soup version 0.18.1-47-g9310371 (webtiles) character file.

131796 mindo the Fencer (level 16, -8/121 HPs)
             Began as a Minotaur Fighter on June 19, 2016.
             Was a High Priest of the Shining One.
             Killed from afar by a hellion (17 damage)
             ... with damnation
             ... on level 3 of the Abyss on June 23, 2016.
             The game lasted 04:33:30 (37645 turns).

mindo the Fencer (Minotaur Fighter)                Turns: 37645, Time: 04:33:30

Health: -8/121     AC: 32    Str: 19 (20) XL:     16   Next: 56%
Magic:  10/22      EV: 11    Int: -2 (1)  God:    the Shining One [*****.]
Gold:   924        SH: 26    Dex: 18 (20) Spells: 0 memorised, 15 levels left

rFire  + . .     SeeInvis .     N - +5 scimitar (flame)
rCold  + + +     Gourm    .     e - +1 plate armour {rC+}
rNeg   + + .     Faith    .     O - +2 shield of Resistance {rF+ rC+ MR+}
rPois  .         Spirit   .     (helmet restricted)
rElec  .         Dismiss  +     U - +2 cloak
rCorr  .         Reflect  .     I - +2 pair of gloves {archery}
SustAt .         Harm     .     C - +1 pair of boots
MR     ++...                    m - amulet of dismissal
Stlth  ..........               o - ring of protection from cold
                                L - +4 ring of protection

@: divine shield, very slightly contaminated, slowed, lost intelligence,
glowing, studying Conjurations, very slow, very resistant to hostile
enchantments, extremely unstealthy
A: retaliatory headbutt, horns 2, icy blue scales 1, agile 1, cold resistance 1,
dopey 2, frail 2, regeneration 1, screaming 2, evolution 1
a: Divine Shield, Cleansing Flame, Summon Divine Warrior, Renounce Religion


You were on level 3 of the Abyss.
You worshipped the Shining One.
The Shining One was extremely pleased with you.
You were hungry.

You visited 6 branches of the dungeon, and saw 30 of its levels.
You visited the Abyss 1 time.
You also visited: Labyrinth.

You collected 2764 gold pieces.
You spent 1840 gold pieces at shops.

Inventory:

Hand Weapons
 N - a +5 scimitar of flaming (weapon)
Armour
 e - a +1 plate armour of cold resistance (worn)
 j - a +0 shield of reflection
 C - a +1 pair of boots (worn)
 H - a +1 plate armour of fire resistance
 I - a +2 pair of gloves of archery (worn)
 O - the +2 shield of Resistance (worn) {rF+ rC+ MR+}
   (You took it off an efreet on level 15 of the Dungeon)

   It protects you from fire.
   It protects you from cold.
   It affects your resistance to hostile enchantments.
 U - a +2 cloak (worn)
Jewellery
 m - an amulet of dismissal (around neck)
 n - an uncursed amulet of faith
 o - a ring of protection from cold (right hand)
 F - an uncursed ring of sustain attributes
 L - a +4 ring of protection (left hand)
 T - a +2 ring of strength
 X - an uncursed ring of ice
Wands
 i - a wand of slowing (0/48)
 l - a wand of slowing (17/48)
 q - a wand of confusion (17/48)
 x - a wand of polymorph (7/24)
 z - a wand of random effects (33/48)
 V - a wand of iceblast (6/15)
 W - a wand of teleportation (1/9)
Scrolls
 g - 3 scrolls of recharging
 h - 10 scrolls of remove curse
 k - 4 scrolls of fog
 r - a scroll of blinking
 u - 5 scrolls of magic mapping
 B - 2 scrolls of fear
 K - 3 scrolls of identify
 M - 2 scrolls of teleportation
 P - 2 scrolls of enchant armour
 Q - 2 scrolls of amnesia {unknown}
 R - 4 scrolls of summoning
Potions
 a - 2 potions of mutation
 b - a potion of magic
 p - 3 potions of flight {unknown}
 s - 2 potions of lignification
 w - 3 potions of agility
 A - a potion of haste
 G - a potion of curing
Books
 d - a book of Spatial Translocations

   Spells                             Type                      Level
   a - Apportation                    Translocation                1
   b - Blink                          Translocation                2
   c - Shroud of Golubria             Charms/Translocation         2
   d - Portal Projectile              Translocation                3
   e - Teleport Other                 Translocation                3
   f - Passage of Golubria            Translocation                4
 Y - a manual of Conjurations
 Z - a book of the Tempests

   Spells                             Type                      Level
   a - Static Discharge               Conjuration/Air              3
   b - Lightning Bolt                 Conjuration/Air              5
   c - Fireball                       Conjuration/Fire             5
   d - Tornado                        Air                          9
   e - Shatter                        Earth                        9
Miscellaneous
 c - an ornate deck of summoning
 y - a plain deck of wonders
 E - a plain deck of escape
 J - a box of beasts
 S - a sack of spiders
Comestibles
 f - 11 bread rations
 t - 6 meat rations


   Skills:
 * Level 16.4 Fighting
 + Level 18.3 Long Blades
 * Level 14.8 Armour
 - Level 7.9 Dodging
 - Level 2.1 Stealth
 - Level 15.1 Shields
 * Level 9.7 Invocations
 + Level 0.1 Evocations


You had 15 spell levels left.
You didn't know any spells.

Dungeon Overview and Level Annotations

Branches:
Dungeon (15/15)            Temple (0/1) D:7            Lair (8/8) D:11
  Swamp (3/4) Lair:6        Snake (0/4) Lair:4        Slime (1/6) Lair:8
    Orc (2/2) D:10            Elf (1/3) Orc:2        Vaults (0/5) D:13
 Depths (0/5) D:15

Altars:
Ashenzari
Gozag
Kikubaaqudgha
Makhleb
Nemelex Xobeh
Pakellas
Sif Muna
Vehumet
Xom
Yredelemnul
Zin
The Shining One

Shops:
D:8 %   D:10 *   Orc:2 %[*[(:([=

Annotations:
Swamp:3 Louise


Innate Abilities, Weirdness & Mutations

You reflexively headbutt those who attack you in melee.
You have a pair of horns on your head.
You are partially covered in icy blue scales (AC +1).
You are agile. (Dex +2)
Your flesh is cold resistant.
Your natural rate of healing is unusually fast.
You evolve.
[You are very dopey. (Int -4)]
[You are very frail (-20% HP).]
[You sometimes yell uncontrollably at your foes.]


Message History

You hear a chilling moan.
You hear a bark!
You hear a chilling moan.
You hear a shout!
You hear a trumpeting!
You feel better.
You feel yourself speed up.
Your daeva blocks the small abomination's attack.
You block the wraith's attack. You block the hellion's attack.
Your daeva blocks the small abomination's attack.
The wraith hits you but does no damage. The hellion gestures at you.
The damnation unfurls!
The damnation engulfs you!
* * * LOW HITPOINT WARNING * * *
The damnation engulfs the hellion.
The hellion completely resists.
Your daeva blocks the small abomination's attack.
The hellion gestures at your daeva.
The damnation unfurls!
The damnation engulfs your daeva.
The damnation engulfs the hellion.
The hellion completely resists.
The damnation engulfs the wraith.
The wraith is destroyed!
The damnation engulfs you!
You die...

## .. #.
## . #.#
.#.#
######.#
#..x.A2#
##†####@#
##.. #)#
≈ #


)((( # #.# §# ≈##( !(.# ### A (...# # ≈ .## .# § #. .≈≈ #.## #. You could see a
hellion, a small abomination and a friendly daeva.

Vanquished Creatures
  A hellephant (Abyss:3)
  Donald (Elf:1)
  An orc warlord (Orc:2)
  Nessos (Lair:7)
  The ghost of hannobal the Eclecticist, a journeyman OpIE of Vehumet (Lair:7)
  Snorg (D:11)
  A minotaur (Lab)
  8 vault guards (D:13)
  A great orb of eyes (Slime:1)
  3 catoblepae (Lair:8)
  11 hydras
  Erolcha (D:11)
  A centaur warrior (D:10)
  A naga warrior (Lair:4)
  2 death knights
  An ogre mage (D:15)
  A dancing weapon (Elf:1)
  3 alligators
  6 death yaks (Lair:8)
  2 tengu warriors (D:13)
  A vampire mage (Abyss:3)
  2 orc high priests (Orc:1)
  Sonja (Lair:2)
  The ghost of rftp080 the Ruffian, a novice TrFi of Qazlal (D:6)
  A fire crab (Lair:7)
  A wretched star (Abyss:3)
  5 skeletal warriors (D:14)
  2 unseen horrors
  2 spatial maelstroms (Abyss:3)
  2 swamp dragons
  A wizard (D:15)
  A phantasmal warrior (D:10)
  8 orc knights
  A large abomination (Abyss:3)
  7 ugly things
  9 deep elf magi
  A faun (shapeshifter) (Abyss:3)
  4 cyclopes
  6 orc sorcerers
  A hornet (Swamp:1)
  4 black mambas
  23 elephants
  A naga mage (D:15)
  Psyche (D:9)
  19 spiny frogs
  2 smoke demons (Abyss:3)
  A gargoyle (D:13)
  3 freezing wraiths
  4 rime drakes
  13 komodo dragons
  An ancient zyme (Abyss:3)
  3 trolls
  A tengu conjurer (D:14)
  A polar bear (Lair:8)
  3 bog bodies
  4 two-headed ogres
  14 slime creatures
  A giant leech (Swamp:1)
  12 blink frogs
  A boulder beetle (D:14)
  4 raiju (Abyss:3)
  32 yaks
  A vampire (D:15)
  8 spriggans
  3 wyverns
  A hill giant zombie (D:10)
  5 hungry ghosts
  3 wraiths
  A water elemental (Elf:1)
  4 basilisks
  7 hippogriffs
  23 vampire mosquitoes
  6 wargs
  6 insubstantial wisps (Swamp:1)
  A mottled dragon (D:11)
  7 swamp worms
  Edmund (D:4)
  Menkaure (D:6)
  4 nagas (Lair:4)
  2 soldier ants
  15 water moccasins
  15 porcupines
  4 swamp drakes
  An ice beast (D:5)
  38 orc warriors
  9 sky beasts
  A phantom (D:10)
  2 black bears
  21 ogres
  7 necrophages
  4 wasps
  3 wolves (Lair:6)
  9 centaurs
  11 crocodiles
  An elf zombie (Abyss:3)
  A big kobold (D:11)
  16 giant frogs
  5 scorpions
  2 troll zombies (D:10)
  A water moccasin skeleton (D:9)
  14 killer bees
  A howler monkey (D:9)
  3 vampire bats (D:4)
  25 wights
  3 electric eels (D:12)
  6 crimson imps
  A giant frog zombie (D:6)
  5 jellies
  5 hounds
  30 orc wizards
  19 orc priests
  Crazy Yiuf (D:6)
  4 centaur skeletons
  3 giant frog skeletons
  6 iguanas
  11 worker ants
  3 ogre zombies (D:10)
  10 sheep
  3 hound skeletons
  13 gnolls
  2 howler monkey skeletons
  11 adders
  52 river rats
  A shadow imp (D:6)
  12 white imps (Lair:8)
  3 oozes
  An adder zombie (D:7)
  An adder skeleton (D:4)
  4 worms
  2 dart slugs
  6 giant geckos
  91 orcs
  7 bats
  5 bat skeletons (D:4)
  A bat zombie (D:4)
  A giant cockroach (D:6)
  13 goblins
  6 hobgoblins
  19 jackals
  14 kobolds
  7 quokkas
  A ball python (D:4)
  A giant gecko skeleton (D:5)
  9 giant newts
  A goblin skeleton (D:10)
  2 goblin zombies (D:10)
  2 hobgoblin skeletons (D:10)
  4 hobgoblin zombies (D:10)
  3 orc skeletons (D:10)
  7 orc zombies (D:10)
  A quokka skeleton (D:7)
  A quokka zombie (D:7)
  4 rats (D:1)
  2 fungi
  7 plants
973 creatures vanquished.

Vanquished Creatures (collateral kills)
  A lich (Abyss:3)
  An angel (Abyss:3)
  The ghost of raikaria the Cleaver, a journeyman DrWr of Vehumet (Lair:4)
  A rakshasa (Abyss:3)
  A hydra (Lair:4)
  A wretched star (Abyss:3)
  A shadow wraith (Abyss:3)
  A giant orange brain (Abyss:3)
  An unseen horror (D:15)
  3 large abominations (Abyss:3)
  An apocalypse crab (Abyss:3)
  A freezing wraith (Abyss:3)
  A komodo dragon (Lair:4)
  An efreet (D:15)
  An ancient zyme (Abyss:3)
  3 raiju (Abyss:3)
  A bog body (Swamp:2)
  A slime creature (Swamp:2)
  A spriggan (Swamp:3)
  A neqoxec (Abyss:3)
  A swamp worm (Swamp:3)
  A swamp drake (Swamp:3)
  3 wights (D:15)
  5 starcursed masses (Abyss:3)
  An iron imp (Abyss:3)
  5 river rats (Lair:4)
  An ufetubus (Abyss:3)
  2 plants (Lair:4)
43 creatures vanquished.

Vanquished Creatures (others)
  A wraith (Abyss:3)
  An eye of draining (Abyss:3)
  5 sheep (Lair:1)
  22 fungi
  4 plants
33 creatures vanquished.

Grand Total: 1049 creatures vanquished

Notes
Turn   | Place    | Note
--------------------------------------------------------------
     0 | D:1      | mindo the Minotaur Fighter began the quest for the Orb.
     0 | D:1      | Reached XP level 1. HP: 19/19 MP: 0/0
   237 | D:1      | Reached XP level 2. HP: 27/27 MP: 1/1
   752 | D:1      | Reached XP level 3. HP: 26/33 MP: 2/2
  1170 | D:2      | Found a glowing golden altar of the Shining One.
  1193 | D:2      | Became a worshipper of the Shining One
  1381 | D:2      | Reached XP level 4. HP: 30/40 MP: 3/3
  2228 | D:3      | Found a radiant altar of Vehumet.
  2332 | D:3      | Reached skill level 5 in Shields
  2493 | D:3      | Reached skill level 3 in Long Blades
  2500 | D:3      | Reached XP level 5. HP: 35/46 MP: 4/4
  2564 | D:3      | Reached skill level 1 in Dodging
  2752 | D:3      | Found a burning altar of Makhleb.
  2914 | D:4      | Noticed a sky beast
  2925 | D:4      | Killed a sky beast
  2925 | D:4      | Reached skill level 5 in Armour
  2925 | D:4      | Reached XP level 6. HP: 43/52 MP: 5/5
  3187 | D:4      | Found a glowing silver altar of Zin.
  3187 | D:4      | Noticed an angel
  3277 | D:4      | Noticed Edmund
  3321 | D:4      | Killed Edmund
  3321 | D:4      | Reached skill level 4 in Long Blades
  3321 | D:4      | Reached XP level 7. HP: 6/60 MP: 6/6
  4242 | D:4      | Reached * piety under the Shining One
  4294 | D:4      | Reached skill level 5 in Long Blades
  4311 | D:4      | Reached skill level 5 in Fighting
  4318 | D:4      | Found an ancient bone altar of Kikubaaqudgha.
  4813 | D:4      | Reached ** piety under the Shining One
  5062 | D:5      | Entered Level 5 of the Dungeon
  5083 | D:5      | Reached XP level 8. HP: 68/68 MP: 7/7
  5506 | D:5      | Reached skill level 6 in Long Blades
  5506 | D:5      | Reached skill level 1 in Stealth
  6562 | D:6      | Noticed Menkaure
  6748 | D:6      | Reached skill level 5 in Dodging
  6752 | D:6      | Reached skill level 7 in Long Blades
  6764 | D:6      | Reached XP level 9. HP: 32/75 MP: 8/8
  6944 | D:6      | Killed Menkaure
  7039 | D:6      | Noticed rftp080's ghost (novice TrFi)
  7053 | D:6      | Killed rftp080's ghost
  7329 | D:6      | Noticed Crazy Yiuf
  7334 | D:6      | Killed Crazy Yiuf
  7338 | D:6      | Got a shimmering mace
  7357 | D:6      | Identified the +8 mace of Dim Light {antimagic, +Blink rElec rPois Int-5} (You found it on level 6 of the Dungeon)
  7358 | D:6      | Lost intelligence.
  7496 | D:6      | Reached skill level 8 in Long Blades
  7868 | D:6      | Reached *** piety under the Shining One
  8244 | D:6      | Reached XP level 10. HP: 71/86 MP: 9/9
  8270 | D:7      | Reached skill level 9 in Long Blades
  8355 | D:7      | Found a sparkling altar of Nemelex Xobeh.
  8671 | D:7      | Found an oddly glowing altar of Pakellas.
  9020 | D:7      | Found an opulent altar of Gozag.
  9038 | D:7      | Reached **** piety under the Shining One
  9083 | D:7      | Found a staircase to the Ecumenical Temple.
  9318 | D:8      | Found Oschihuel's Food Boutique.
  9326 | D:8      | Bought a meat ration for 60 gold pieces
  9326 | D:8      | Bought a bread ration for 60 gold pieces
  9476 | D:9      | Reached skill level 10 in Long Blades
  9728 | D:9      | Got a warped buckler
  9742 | D:9      | Identified the +3 buckler of the Will of the Gods {rCorr Int+4} (You found it on level 9 of the Dungeon)
  9841 | D:9      | Reached skill level 10 in Shields
  9977 | D:9      | Noticed Psyche
  9998 | D:9      | Killed Psyche
 10484 | D:10     | Entered Level 10 of the Dungeon
 10598 | D:10     | Found a staircase to the Orcish Mines.
 10626 | D:10     | Reached ***** piety under the Shining One
 10637 | D:10     | Reached XP level 11. HP: 89/95 MP: 10/10
 10802 | D:10     | Found Zihireun's Assorted Antiques.
 10820 | D:10     | Bought a pair of embroidered gloves for 139 gold pieces
 10902 | D:10     | Noticed a centaur warrior
 10912 | D:10     | Killed a centaur warrior
 10912 | D:10     | Reached skill level 11 in Long Blades
 11801 | D:11     | Noticed Erolcha
 11835 | D:11     | Killed Erolcha
 12201 | D:11     | Found a staircase to the Lair.
 12201 | D:11     | Noticed a white ugly thing
 12221 | D:11     | Killed a white ugly thing
 12329 | D:11     | Reached skill level 12 in Long Blades
 12488 | D:11     | Noticed Snorg
 12511 | D:11     | Killed Snorg
 12884 | D:11     | Noticed a phantasmal warrior
 12885 | D:11     | Noticed a death knight
 13121 | Orc:1    | Entered Level 1 of the Orcish Mines
 13184 | Orc:1    | Noticed an orc knight
 13204 | Orc:1    | Killed an orc knight
 13204 | Orc:1    | Reached skill level 1 in Invocations
 13867 | Orc:2    | Entered Level 2 of the Orcish Mines
 13867 | Orc:2    | Found Bitear's Food Boutique.
 13867 | Orc:2    | Found a staircase to the Elven Halls.
 13882 | Orc:2    | Noticed an orc knight
 14259 | Orc:2    | Reached skill level 10 in Armour
 14279 | Orc:1    | Reached skill level 10 in Fighting
 14279 | Orc:1    | Reached XP level 12. HP: 73/106 MP: 8/12
 14315 | Orc:2    | Noticed an orc high priest
 14513 | Orc:1    | Killed an orc high priest
 15098 | Orc:2    | Found Deelatuxt's General Store.
 15112 | Orc:2    | Bought a scroll of identify for 20 gold pieces
 15112 | Orc:2    | Bought a scroll of blinking for 75 gold pieces
 15170 | Orc:2    | Found Ruptub's Antique Weapon Shop.
 15173 | Orc:2    | Found Emmiex's Weapon Shoppe.
 15206 | Orc:2    | Found Ipulamaqu's Jewellery Shop.
 15275 | Orc:2    | Noticed an orc high priest
 15314 | Orc:1    | Reached skill level 13 in Long Blades
 15324 | Orc:1    | Killed an orc high priest
 16001 | Orc:2    | Found Tukezipn's Antique Armour Boutique.
 16003 | Orc:2    | Found Soeggeim's Book Shoppe.
 16004 | Orc:2    | Bought a pair of boots for 162 gold pieces
 16589 | Orc:2    | Found Calit's Antique Armour Shop.
 16631 | Orc:2    | Found Doivigil's Antique Armour Shop.
 16676 | Orc:2    | Bought an agate-encrusted plate armour for 728 gold pieces
 16676 | Orc:2    | Identified the +7 plate armour "Vigryatu" {*Corrode Str+4 Dex+3} (You bought it in a shop on level 2 of the Orcish Mines)
 16709 | Orc:2    | Noticed an orc warlord
 16737 | Orc:2    | Killed an orc warlord
 16911 | Orc:2    | Paralysed by an orc sorcerer for 2 turns
 17043 | Elf:1    | Entered Level 1 of the Elven Halls
 17332 | Elf:1    | Noticed a deep elf demonologist
 17387 | Elf:1    | Reached XP level 13. HP: 104/116 MP: 14/14
 17440 | Elf:1    | Noticed Donald
 17480 | Elf:1    | Killed Donald
 17480 | Elf:1    | Reached skill level 14 in Long Blades
 20463 | Orc:2    | Bought a pair of glowing gloves for 148 gold pieces
 20463 | Orc:2    | Bought a runed shield for 148 gold pieces
 20684 | Lair:1   | Entered Level 1 of the Lair of Beasts
 20938 | Lair:1   | Found a shimmering altar of Xom.
 21821 | D:13     | Found a gate to the Vaults.
 21821 | D:13     | Noticed a vault guard
 21821 | D:13     | Noticed a vault guard
 21821 | D:13     | Noticed a vault guard
 21821 | D:13     | Noticed a vault guard
 21821 | D:13     | Noticed a vault guard
 21822 | D:13     | Noticed a vault guard
 21822 | D:13     | Noticed a vault guard
 21834 | D:13     | Killed a vault guard
 21845 | D:13     | Killed a vault guard
 21845 | D:13     | Reached skill level 5 in Invocations
 21854 | D:13     | Killed a vault guard
 21861 | D:13     | Killed a vault guard
 21862 | D:13     | Noticed a vault guard
 21871 | D:13     | Killed a vault guard
 21879 | D:13     | Killed a vault guard
 21890 | D:13     | Killed a vault guard
 21898 | D:13     | Killed a vault guard
 22124 | D:13     | Reached XP level 14. HP: 123/126 MP: 17/17
 22224 | D:13     | You fall through a shaft for 2 floors!
 22224 | D:15     | Entered Level 15 of the Dungeon
 22250 | D:15     | Reached skill level 15 in Long Blades
 22286 | D:15     | Found a staircase to the Depths.
 22635 | D:15     | Found a basalt altar of Yredelemnul.
 22778 | D:15     | Found a shattered altar of Ashenzari.
 22878 | D:14     | Reached skill level 15 in Shields
 23859 | D:15     | Reached ****** piety under the Shining One
 25593 | Lair:2   | Found a deep blue altar of Sif Muna.
 25644 | Lair:2   | Reached skill level 16 in Long Blades
 25681 | Lair:2   | Noticed Sonja
 25703 | Lair:2   | Killed Sonja
 26665 | Lair:3   | Found a labyrinth entrance.
 26687 | Lab      | Entered a labyrinth
 27515 | Lair:3   | Got a pair of jewelled boots
 27516 | Lair:3   | Identified the +0 pair of boots of the Evil One {*Confuse Str+4 Dex+4} (You found it on level 3 of the Lair of Beasts)
 27925 | Lair:4   | Noticed raikaria's ghost (journeyman DrWr)
 28441 | Lair:4   | Killed raikaria's ghost
 28441 | Lair:4   | Reached XP level 15. HP: 130/136 MP: 12/19
 28675 | Lair:4   | Found a staircase to the Snake Pit.
 29586 | Lair:6   | Found a staircase to the Swamp.
 30553 | Lair:7   | Reached skill level 17 in Long Blades
 31121 | Lair:7   | Noticed Nessos
 31161 | Lair:7   | Killed Nessos
 31209 | Lair:8   | Entered Level 8 of the Lair of Beasts
 31670 | Lair:8   | Reached skill level 15 in Fighting
 31944 | Lair:8   | Found a staircase to the Slime Pits.
 32674 | Slime:1  | Entered Level 1 of the Pits of Slime
 32674 | Slime:1  | Noticed an acid blob
 32678 | Slime:1  | Gained mutation: You are agile. (Dex +2) [a shining eye]
 32680 | Slime:1  | Gained mutation: [You are frail (-10% HP).] [a shining eye]
 32786 | Lair:7   | Noticed hannobal's ghost (journeyman OpIE)
 32814 | Lair:7   | Killed hannobal's ghost
 32865 | Swamp:1  | Entered Level 1 of the Swamp
 32872 | Swamp:1  | Reached XP level 16. HP: 129/134 MP: 21/21
 33709 | Swamp:2  | Gained mutation: You evolve. [potion of mutation]
 33709 | Swamp:2  | Gained mutation: Your natural rate of healing is unusually fast. [potion of mutation]
 33709 | Swamp:2  | Gained mutation: You are partially covered in icy blue scales (AC +1). [potion of mutation]
 34111 | Swamp:2  | Reached skill level 18 in Long Blades
 34391 | Swamp:2  | Gained mutation: Your flesh is cold resistant. [evolution]
 34623 | Swamp:3  | Noticed Louise
 37014 | D:8      | Bought a bread ration for 60 gold pieces
 37014 | D:8      | Bought a bread ration for 60 gold pieces
 37014 | D:8      | Bought a meat ration for 60 gold pieces
 37014 | D:8      | Bought a bread ration for 60 gold pieces
 37014 | D:8      | Bought a bread ration for 60 gold pieces
 37217 | Elf:1    | Cast into level 3 of the Abyss (a deep elf demonologist)
 37218 | Abyss:3  | Noticed a hellephant
 37418 | Abyss:3  | Noticed a hellephant
 37458 | Abyss:3  | Noticed a lich
 37462 | Abyss:3  | Killed a hellephant
 37469 | Abyss:3  | Killed a lich
 37542 | Abyss:3  | Lost intelligence.
 37645 | Abyss:3  | Killed from afar by a hellion

Skill      XL: |  1  2  3  4  5  6  7  8  9 10 11 12 13 14 15 16 |
---------------+-------------------------------------------------+-----
Armour         | 4 5 6 7 8 10 12 14 | 14.8
Shields        | 4 5 6 7 8 9 10 12 13 14 15 | 15.1
Fighting       | 4 5 6 7 8 10 11 12 13 15 16 | 16.4
Long Blades    | 3 4 5 7 8 10 12 13 14 16 17 18 | 18.3
Dodging        | 1 2 4 5 7 |  7.9
Stealth        | 1 2 |  2.1
Invocations    | 1 3 5 7 9 |  9.7
Evocations     | |  0.1

Action                   |  1- 3 |  4- 6 |  7- 9 | 10-12 | 13-15 | 16-18 || total
-------------------------+-------+-------+-------+-------+-------+-------++-------
Melee: Long sword        |    98 |    11 |       |       |       |       ||   109
       Headbutt          |    17 |    29 |    52 |   284 |   439 |   107 ||   928
       Scimitar          |       |   145 |   303 |  1116 |  1708 |   366 ||  3638
Invok: Divine Shield     |       |       |       |    12 |    26 |     9 ||    47
       Cleansing Flame   |       |       |       |     1 |       |       ||     1
       Summon Divine War |       |       |       |       |     2 |     5 ||     7
Evoke: Wand              |       |       |       |       |     2 |       ||     2
  Use: Scroll            |       |     7 |     4 |     9 |    23 |     2 ||    45
       Potion            |       |     6 |     1 |    10 |     4 |    16 ||    37
 Stab: Petrified         |       |       |       |       |     1 |       ||     1
  Eat: Fruit             |     1 |       |     2 |       |     2 |     2 ||     7
       Beef jerky        |     1 |       |     1 |       |     4 |       ||     6
       Bread ration      |       |     1 |     1 |     7 |     4 |     2 ||    15
       Meat ration       |       |       |     2 |       |     4 |       ||     6
       Royal jelly       |       |       |       |     4 |     1 |     1 ||     6
       Pizza             |       |       |       |     1 |     5 |     2 ||     8
Armor: Scale mail        |    52 |    57 |    89 |    10 |       |       ||   208
       Skin              |       |     2 |     1 |     5 |       |       ||     8
       Plate armour      |       |       |       |   297 |   572 |   154 ||  1023
Dodge: Dodged            |    37 |    51 |   128 |   235 |   328 |   103 ||   882
Block: Shield            |    64 |   107 |   162 |   656 |  1074 |   430 ||  2493
       Reflection        |       |       |       |       |     6 |       ||     6
